cohdb
Replays
Latest Replays
All Replays
Popular Replays
Top Player Replays
Match Explorer
How It Works
Community
CoH3 Stats
Reddit
Sign in to upload your games and track your stats! →
Sign in with Steam
Match 41788719
Unlisted
Match 41788719
Overview
Messages
Build Orders
End
Kradschützen Motorcycle Team
Selects Italian Infantry
Panzergrenadier Squad
250 Light Carrier
Construct Light Support Kompanie
Combat Half-tracks
Panzergrenadier Squad
Fire Support Elements
Assault Mechanized Group
Flakvierling Half-track
Selects Defensive Operations
Selects Territory Booby Traps
Veteran Squad Leaders
Construct Panzerarmee Kommand
Panzerjäger Mechanized Group
Selects Obice 305mm Barrage
Panzer III L Medium Tank
Panzer III L Medium Tank
Selects Guastatori Squad
Selects Registered Artillery
Tungsten Core Ammunition
Registered Artillery
Obice 305mm Barrage
Guastatori Squad
Armored Reserves
Registered Artillery
Registered Artillery
Panzer IV Assault Group
Obice 305mm Barrage
Registered Artillery
Tiger Heavy Tank
Grenadier93
israelus222
Sarmynation
Milanstrosity
0
0
Comments
sign in to comment!
No comments posted yet!